 Dungeon Crawl Stone Soup version 0.23.2-30-g0e89c35649 (webtiles) character file.

Game seed: 10599776839230971556

103 Nordron the Chiller (level 4, 0/36 HPs)
             Began as a Draconian Ice Elementalist on June 12, 2019.
             Slain by Grinder (5 damage)
             ... while paralysed by Grinder
             ... on level 3 of the Dungeon.
             The game lasted 00:10:00 (2006 turns).

Nordron the Chiller (Draconian Ice Elementalist)    Turns: 2006, Time: 00:10:01

Health: 0/36       AC:  6    Str: 10    XL:     4   Next: 51%
Magic:  6/8        EV:  2    Int: 17    God:
Gold:   135        SH:  0    Dex: 11    Spells: 5/8 levels left

rFire    . . .     SeeInvis .   q - +2 dagger (freeze)
rCold    . . .     Gourm    .   (no shield)
rNeg     . . .     Faith    .   (armour unavailable)
rPois    .         Spirit   .   (helmet restricted)
rElec    .         Reflect  .   g - +0 cloak
rCorr    .         Harm     .   (no gloves)
MR       .....                  (no boots)
Stlth    ++........             (no amulet)
HPRegen  0.12/turn              (no ring)
MPRegen  0.11/turn              (no ring)

@: paralysed
A: unfitting armour, cold-blooded, AC +5
a: no special abilities


You were on level 3 of the Dungeon.
You were not hungry.

You visited 1 branch of the dungeon, and saw 3 of its levels.

You collected 135 gold pieces.

Inventory:

Hand Weapons
 m - a cursed +0 dagger
 q - a +2 dagger of freezing (weapon)
Armour
 a - a +0 buckler
 g - a +0 cloak (worn)
Wands
 i - a wand of enslavement (4)
Scrolls
 c - 2 scrolls of magic mapping {unknown}
 e - 5 scrolls of teleportation {unknown}
 j - 2 scrolls of amnesia {unknown}
 k - a scroll of blinking {unknown}
 o - a scroll of remove curse {unknown}
 p - 3 scrolls of identify {unknown}
 r - 2 scrolls of enchant weapon {unknown}
Potions
 d - 2 potions of lignification {unknown}
 f - 2 potions of mutation {unknown}
 h - a potion of curing {unknown}
 l - a potion of might {unknown}
 n - a potion of degeneration {unknown}
Comestibles
 b - 6 rations


   Skills:
 + Level 2.1 Fighting
 - Level 1.7 Dodging
 - Level 1.7 Stealth
 + Level 2.7 Spellcasting
 * Level 1.1 Conjurations
 + Level 4.3 Ice Magic


You had 5 spell levels left.
You knew the following spells:

 Your Spells              Type           Power        Failure   Level  Hunger
a - Freeze                Ice            ###.         3%          1    #......
b - Throw Frost           Conj/Ice       ##....       9%          2    ##.....

Your spell library contained the following spells:

 Spells                   Type           Power        Failure   Level  Hunger
 Magic Dart               Conj           #...         12%         1    #......
 Searing Ray              Conj           #.....       17%         2    ##.....
 Ozocubu's Armour         Chrm/Ice       #.......     22%         3    ###....
 Dazzling Spray           Conj/Hex       #.....       38%         3    ###....
 Throw Icicle             Conj/Ice       ##......     52%         4    #####..
 Summon Ice Beast         Ice/Summ       #.......     58%         4    #####..
 Iskenderun's Mystic Bla  Conj           #.......     75%         4    #####..
 Force Lance              Conj/Tloc      #.......     80%         4    #####..
 Fulminant Prism          Conj/Hex       #.........   80%         4    #####..


Dungeon Overview and Level Annotations

Branches:
Dungeon (3/15)

Altars:
Fedhas

Annotations:
D:3 Grinder


Innate Abilities, Weirdness & Mutations

Your plain brown scales are hard. (AC +5)
You cannot fit into any form of body armour.
You are cold-blooded and may be slowed by cold attacks.


Message History

Grinder gestures at you.
You suddenly lose the ability to move!
A jackal comes into view.
Grinder hits you.
The jackal moves out of view.
Grinder hits you but does no damage. Grinder hits you.
You writhe in agony.
* * * LOW HITPOINT WARNING * * *
You can move again.
Grinder gestures at you. Pain shoots through your body!
* * * LOW HITPOINT WARNING * * *
Things that are here:
a chunk of flesh; a frilled lizard skeleton Grinder gestures at you.
You suddenly lose the ability to move!
Grinder gestures at you.
You shrug off the repeated paralysis!
Grinder says, "Tell me all your secrets, or I'll kill you."
Grinder hits you.
You die...

###.##########
#.............
#...##.#######
#.............
#....#.#######
#......##
#.#.....#
#.#...#.#
#..###@.# ....
#5.#
##..###.### #
#....%.#
######.# #.#
#.# #.# #.#


You could see Grinder.

Vanquished Creatures
  A worker ant (D:2)
  An ooze (D:2)
  3 worms
  3 dart slugs (D:1)
  An orc (D:3)
  7 bats
  4 giant cockroaches
  6 hobgoblins
  7 jackals (D:2)
  2 quokkas (D:2)
  4 frilled lizards
  7 goblins
  3 kobolds
  10 rats
59 creatures vanquished.

Notes
Turn   | Place    | Note
-------+----------+-------------------------------------------
     0 | D:1      | Nordron the Draconian Ice Elementalist began the quest for
                  | the Orb.
     0 | D:1      | Reached XP level 1. HP: 14/14 MP: 3/3
   238 | D:1      | Reached XP level 2. HP: 22/22 MP: 0/5
   294 | D:1      | You fall through a shaft!
   309 | D:2      | Reached skill level 1 in Fighting
   510 | D:1      | Reached XP level 3. HP: 28/28 MP: 2/6
  1122 | D:2      | Learned a level 2 spell: Throw Frost
  1283 | D:2      | Reached skill level 4 in Ice Magic
  1387 | D:2      | Reached XP level 4. HP: 36/36 MP: 1/7
  1565 | D:2      | Found a faded altar of an unknown god.
  1640 | D:2      | Found a blossoming altar of Fedhas.
  1990 | D:3      | Noticed Grinder
  1995 | D:3      | Paralysed by Grinder for 4 turns
  2002 | D:3      | Paralysed by Grinder for 5 turns
  2006 | D:3      | Slain by Grinder

Skill      XL: |  1  2  3  4 |
---------------+-------------+-----
Fighting       | 1 2 |  2.1
Ice Magic      | 4 |  4.3
Dodging        | |  1.7
Stealth        | |  1.7
Spellcasting   | |  2.7
Conjurations   | |  1.1

Action                   |  1- 3 |  4- 6 || total
-------------------------+-------+-------++-------
Melee: Unarmed           |     9 |       ||     9
       Spear             |    43 |     4 ||    47
       Tailslap          |     2 |     1 ||     3
       Dagger            |       |    19 ||    19
 Cast: Freeze            |    59 |    21 ||    80
 Stab: Sleeping          |     2 |     3 ||     5
  Eat: Chunk             |     2 |     2 ||     4
Armor: Skin              |    22 |    11 ||    33
Dodge: Dodged            |    47 |    22 ||    69
